 Dungeon Crawl Stone Soup version 0.30-a0-373-gd37427bb62 (webtiles) character file.

Game seed: 25455503665231248

981 fozzywoppz the Cleaver (level 7, -2/61 HPs)
             Began as a Minotaur Gladiator on Nov 25, 2022.
             Slain by a lemure (4 damage)
             ... led by Pikel
             ... on level 5 of the Dungeon.
             The game lasted 00:07:12 (3934 turns).

fozzywoppz the Cleaver (Minotaur Gladiator)         Turns: 3934, Time: 00:07:13

Health: -2/61      AC:  8    Str: 25    XL:     7   Next: 96%
Magic:  6/6        EV: 12    Int:  4    God:
Gold:   214        SH:  0    Dex: 10    Spells: 6/6 levels left

rFire   + . .      SeeInvis .    a - +0 war axe
rCold   . . .      Faith    .    (no shield)
rNeg    . . .      Spirit   .    x - +0 ring mail
rPois   +          Reflect  .    c - +0 hat
rElec   .          Harm     .    u - +0 cloak
rCorr   .          Rampage  .    (no gloves)
Will    .....                    (no boots)
Stlth   ..........               (no amulet)
HPRegen 0.30/turn                g - ring of protection from fire
MPRegen 0.10/turn                (no ring)

@: mighty, attractive
A: horns 2, retaliatory headbutt, iridescent scales 1, poison resistance, strong
1
a: no special abilities


You were on level 5 of the Dungeon.
You visited 1 branch of the dungeon, and saw 5 of its levels.

You collected 214 gold pieces.

Inventory:

Hand Weapons
 a - a +0 war axe (weapon)
 r - a +2 dagger of venom
 w - a +1 short sword of electrocution
Missiles
 d - 3 throwing nets (quivered)
 e - a javelin
 q - 7 poisoned darts
Armour
 c - a +0 hat (worn)
 u - a +0 cloak (worn)
 x - a +0 ring mail (worn)
Jewellery
 g - a ring of protection from fire (left hand)
Scrolls
 f - 2 scrolls of amnesia
 h - 2 scrolls of identify {unknown}
 i - a scroll of teleportation
 m - a scroll of fear
 n - a scroll of enchant armour {unknown}
 s - a scroll of blinking {unknown}
 t - a scroll of enchant weapon {unknown}
Potions
 j - a potion of heal wounds {unknown}
 k - 2 potions of mutation
 l - a potion of haste {unknown}
 v - a potion of lignification {unknown}


   Skills:
 - Level 5.0 Fighting
 + Level 8.3 Axes
 + Level 3.9 Throwing
 - Level 3.0 Armour
 - Level 5.0 Dodging


You had 6 spell levels left.
You didn't know any spells.
Your spell library contained the following spells:

 Spells                   Type           Power      Damage    Failure   Level
 Stone Arrow              Conj/Erth      0%         3d7       95%         3
 Animate Armour           Summ/Erth      0%         N/A       100%        4
 Lehudib's Crystal Spear  Conj/Erth      0%         10d2      100%        8


Dungeon Overview and Level Annotations

Branches:
Dungeon (5/15)
 Temple: D:4-7

Altars:
Ashenzari
Elyvilon
Makhleb
Vehumet
The Shining One

Shops:
D:1 [

Annotations:
D:5 Pikel


Innate Abilities, Weirdness & Mutations

You have a pair of horns on your head.
You reflexively headbutt those who attack you in melee.
You are partially covered in iridescent scales. (AC +2)
Your system is resistant to poisons. (rPois)
Your muscles are strong. (Str +4, Int/Dex -1)


Message History

The lemure looks frightened! x2; The orc looks frightened!
The orc priest looks frightened!
It was a scroll of fear.
You closely miss the lemure.
The lemure is heavily wounded.
The lemure barely misses you.
You closely miss the lemure.
The lemure is heavily wounded.
You barely miss the lemure.
The lemure is heavily wounded.
The lemure misses you.
You barely miss the lemure. You headbutt the lemure.
The lemure is severely wounded.
You hit the lemure. The lemure closely misses you. The lemure hits you.
* * * LOW HITPOINT WARNING * * *
You closely miss the lemure. Your headbutt misses the lemure.
The lemure is severely wounded.
You closely miss the lemure. The lemure hits you but does no damage.
The lemure hits you.
* * * LOW HITPOINT WARNING * * *
The lemure attacks as you move away! The lemure hits you but does no damage.
The lemure attacks as you move away! The lemure barely misses you.
Okay, then.
Found a stone staircase leading up.
It was a potion of attraction.
You feel attractive to monsters. The lemure hits you.
* * * LOW HITPOINT WARNING * * *
As you read the scroll of fear, it crumbles to dust.
You assume a fearsome visage.
The lemure looks frightened! x2
The orc looks frightened!
The lemure is attracted toward you. x2
The orc is attracted toward you. The lemure is attracted toward you. x2
The lemure shouts!
The lemure is attracted toward you. x4
The lemure seems to regain its courage.
The lemure is attracted toward you. x2
The lemure is attracted toward you. x2
It was a potion of might.
You feel very mighty all of a sudden. The lemure misses you.
The lemure is attracted toward you. x2
The lemure attacks as you move away! The lemure hits you.
You die...

.....$................
### ...§................
#.. #...##.....[.......
#... #...§#....[........
.....#.5.o§.##..........
.#...#.§##)###..........
..<....5#....###........
...##.55#.##...##.......
......#@#o #....K.......
.....##...###...##......
#..#. .....##.####..#...
#### ..##..........##...
... .....#....###...
##.. ...##.....##..[ ...
..#........... ..##
..#.###......_ ...
##......


You could see 4 lemures.

Vanquished Creatures
  Sigmund (D:2)
  Menkaure (D:5)
  3 phantoms
  A hound (D:4)
  A jelly (D:5)
  3 orc priests
  Crazy Yiuf (D:2)
  Terence (D:2)
  4 orc wizards
  Robin (D:4)
  5 adders
  An ufetubus (D:4)
  A worm (D:4)
  A dart slug (D:1)
  16 orcs
  6 endoplasms
  A giant cockroach (D:4)
  16 goblins
  6 hobgoblins
  2 jackals (D:4)
  7 quokkas
  9 ball pythons
  3 bats
  2 frilled lizards
  5 kobolds
  5 rats
103 creatures vanquished.

Vanquished Creatures (others)
  A fungus (D:3)
1 creature vanquished.

Grand Total: 104 creatures vanquished

Notes
Turn   | Place    | Note
-------+----------+-------------------------------------------
     0 | D:1      | fozzywoppz the Minotaur Gladiator began the quest for the
                  | Orb.
     0 | D:1      | Reached XP level 1. HP: 18/18 MP: 0/0
    63 | D:1      | Found a faded altar of an unknown god.
   269 | D:1      | Reached skill level 4 in Axes
   363 | D:1      | Reached XP level 2. HP: 25/25 MP: 1/1
   368 | D:1      | Found Doopliude's Antique Armour Shoppe.
   995 | D:2      | Noticed Sigmund
   999 | D:2      | Reached XP level 3. HP: 30/30 MP: 2/2
  1008 | D:2      | Killed Sigmund
  1009 | D:2      | Reached skill level 6 in Axes
  1009 | D:2      | Reached XP level 4. HP: 17/38 MP: 3/3
  1009 | D:2      | Reached XP level 5. HP: 21/45 MP: 4/4
  1121 | D:2      | Found a runed translucent door.
  1122 | D:2      | Noticed Crazy Yiuf
  1165 | D:2      | Noticed Terence
  1170 | D:2      | Killed Terence
  1499 | D:2      | Identified the +0 ring mail of Ossokood {rN++ Dex-2 SInv
                  | Stlth+}
  1771 | D:2      | Killed Crazy Yiuf
  1878 | D:3      | Reached XP level 6. HP: 50/52 MP: 5/5
  2075 | D:3      | Reached skill level 7 in Axes
  2364 | D:3      | Found a white marble altar of Elyvilon.
  2462 | D:4      | Reached XP level 7. HP: 54/60 MP: 6/6
  2897 | D:4      | Reached skill level 5 in Fighting
  2906 | D:4      | Identified the +0 helmet of the Sun {Contam rN+ Will++
                  | Int+4}
  2906 | D:4      | Noticed Robin
  2911 | D:4      | Killed Robin
  3000 | D:4      | Found a radiant altar of Vehumet.
  3028 | D:4      | Found a glowing golden altar of the Shining One.
  3643 | D:4      | Found a burning altar of Makhleb.
  3828 | D:5      | Entered Level 5 of the Dungeon
  3828 | D:5      | Found a broken altar of Ashenzari.
  3839 | D:5      | Reached skill level 5 in Dodging
  3902 | D:5      | Noticed Pikel
  3906 | D:5      | Gained mutation: Your system is resistant to poisons.
                  | (rPois) [potion of mutation]
  3906 | D:5      | Gained mutation: Your muscles are strong. (Str +4, Int/Dex
                  | -1) [potion of mutation]
  3906 | D:5      | Gained mutation: You are partially covered in iridescent
                  | scales. (AC +2) [potion of mutation]
  3913 | D:5      | Noticed Menkaure
  3918 | D:5      | Killed Menkaure
  3919 | D:5      | Reached skill level 8 in Axes
  3925 | D:5      | HP: 3/61 [lemure[Pikel] (4)]
  3928 | D:5      | HP: 1/61 [lemure[Pikel] (3)]
  3934 | D:5      | Slain by a lemure

Illustrated notes

Levels and vault maps discovered:
D:1:      ebering_trefoil_3fold, layout_basic,
          hellmonk_ecumenical_altar_crossroads, serial_shops, shop
D:2:      layout_loops_ring, uniq_terence, uniq_sigmund, uniq_crazy_yiuf_cottage
D:3:      layout_rooms, elyvilon_altar_1, minmay_box_of_dots
D:4:      layout_loops_corners, lightli_temple_of_fire,
          nicolae_vehumet_altar_sigil, lemuel_doored_altar, fountainhead,
          hangedman_abyss_or_decor_stagger, uniq_robin
D:5:      layout_cave_pools, overflow_temple_1_default, water_boxes_lemuel,
          uniq_menkaure, uniq_pikel

Skill      XL: |  1  2  3  4  5  6  7 |
---------------+----------------------+-----
Axes           | 4 6 7 8 |  8.3
Fighting       | 3 4 5 |  5.0
Armour         | 2 3 |  3.0
Dodging        | 4 5 |  5.0
Throwing       | 3 |  3.9

Action                   |  1- 3 |  4- 6 |  7- 9 || total
-------------------------+-------+-------+-------++-------
Melee: War axe           |    46 |    70 |   125 ||   241
       Headbutt          |     2 |    13 |    19 ||    34
       Punch             |       |       |     1 ||     1
  Use: Scroll            |       |       |     5 ||     5
       Potion            |       |       |     3 ||     3
Armor: Leather armour    |    12 |    12 |    26 ||    50
       Ring mail         |       |       |     9 ||     9
Dodge: Dodged            |    32 |    44 |    68 ||   144

Table legend: (Time is in decaauts)
 A = Elapsed time spent in this place.
 B = Non-inter-level travel time spent in this place.
 C = Inter-level travel time spent in this place.
 D = Time resting spent in this place.
 E = Time spent auto-exploring this place.
 F = Levels seen in this place.
 G = Mean time per level.
                   A        B        C        D        E       F      G
               +--------+--------+--------+--------+--------+-----+--------+
         Total |   3974 |   3854 |    120 |      0 |   3174 |   5 |  794.8 |
       Dungeon |   3974 |   3854 |    120 |      0 |   3174 |   5 |  794.8 |
               +--------+--------+--------+--------+--------+-----+--------+

Top non-repeatable levels by time:
     D:4: 1421 daAuts
     D:2: 1030 daAuts
     D:1: 825 daAuts
     D:3: 588 daAuts
     D:5: 108 daAuts
